 Dungeon Crawl Stone Soup version 0.30-a0-782-ge64f9170bb (webtiles) character file.

Game seed: 17964785745162466183

44 Jane the Ducker (level 3, 0/15 HPs)
             Began as a Felid Transmuter on Feb 23, 2023.
             Was a Follower of Wu Jian.
             Slain by an adder (4 damage)
             ... on level 3 of the Dungeon.
             The game lasted 00:08:06 (1106 turns).

Jane the Ducker (Felid Transmuter)                  Turns: 1106, Time: 00:08:06

Health: 0/15       AC:  1    Str:  6    XL:     3   Next: 39%
Magic:  7/7        EV: 21    Int: 14    God:    Wu Jian [*.....]
Gold:   113        SH:  0    Dex: 24    Spells: 5/6 levels left
                                        Lives:  0   Deaths: 0

rFire   . . .      SeeInvis +      - Unarmed
rCold   . . .      Faith    .    (shield unavailable)
rNeg    . . .      Spirit   .    (body armour unavailable)
rPois   .          Reflect  .    (helmet unavailable)
rElec   .          Harm     .    (cloak unavailable)
rCorr   .          Rampage  .    (gloves unavailable)
Will    .....                    (boots unavailable)
Stlth   ++                       (no amulet)
HPRegen 0.22/turn                c - +6 ring of dexterity
MPRegen 0.10/turn                (no ring)

@: quick
A: very small, claws 1, fangs 3, see invisible, speed 1, shaggy fur 1, stealthy
paws, no weapons or thrown items, no armour, multi-lived
a: Renounce Religion


You were on level 3 of the Dungeon.
You worshipped Wu Jian.
Wu Jian was aware of your devotion.
You visited 1 branch of the dungeon, and saw 3 of its levels.

You collected 113 gold pieces.

Inventory:

Jewellery
 c - a +6 ring of dexterity (left paw)
Scrolls
 e - a scroll of enchant weapon {unknown}
 i - a scroll of identify
Potions
 a - a potion of lignification
 d - a potion of resistance


   Skills:
 - Level 1.0 Fighting
 * Level 5.2 Dodging
 - Level 3.0 Unarmed Combat
 - Level 2.0 Spellcasting
 - Level 2.1 Transmutations


You had 5 spell levels left.
You knew the following spells:

 Your Spells              Type           Power      Damage    Failure   Level
a - Beastly Appendage     Tmut           14%        N/A       10%         1

Your spell library contained the following spells:

 Spells                   Type           Power      Damage    Failure   Level
 Wereblood                Tmut           7%         N/A       14%         2
 Spider Form              Tmut/Pois      4%         N/A       41%         3
 Ice Form                 Ice/Tmut       4%         N/A       83%         4


Dungeon Overview and Level Annotations

Branches:
Dungeon (3/15)

Altars:
Wu Jian


Innate Abilities, Weirdness & Mutations

You have sharp claws.
You have razor-sharp teeth.
You have supernaturally acute eyesight. (SInv)
You cover ground quickly. (Speed+)
You are covered in fur. (AC +1)
Your paws help you pounce on unaware monsters.
You are incapable of wielding weapons or throwing items.
You cannot wear armour.
You gain extra lives every three experience levels.


Message History

The adder closely misses you.
You spin and attack the adder.
You closely miss the adder.
The adder is moderately wounded.
You feel sick. The adder completely misses you.
You spin and attack the adder.
You scratch the adder but do no damage. The adder bites you.
You spin to attack the adder, but your attack speed is too slow for a blow to land.
You feel sick. The adder completely misses you.
As you read the scroll of fog, it crumbles to dust.
The scroll dissolves into smoke.
You feel sick. The adder closely misses you.
The adder completely misses you. x2
You feel sick.
You are no longer poisoned.
The adder misses you.
You scratch the adder.
The adder is heavily wounded.
The adder misses you.
You scratch the adder.
The adder is heavily wounded.
The adder closely misses you.
You scratch the adder. You bite the adder.
You kill the adder!
The Council accepts your kill.
Your Dodging skill increases to level 5!
You scratch the adder.
The adder is heavily wounded.
The adder misses you. The adder barely misses you.
You closely miss the adder.
The adder is heavily wounded.
The adder closely misses you.
You miss the adder. Your bite misses the adder.
The adder is heavily wounded.
The adder misses you.
You scratch the adder.
The adder is severely wounded.
The adder misses you.
You closely miss the adder.
The adder is severely wounded.
The adder closely misses you. The adder bites you.
You die...

####### ......
######.#... #........#
#........# #....>...#...
#<.......#... #
########............
##.###§S@§§..........#...
#....§§######........# .
#....§§# #........#
#......# #........#
#......# ####.###...(
#......# #.######.
....##### #........#
..#.# ##........ ##..
#.........


You could see an adder.

Vanquished Creatures
  An adder (D:3)
  2 orcs (D:3)
  4 ball pythons
  7 bats
  5 endoplasms
  2 giant cockroaches
  A hobgoblin (D:3)
  4 kobolds
  2 frilled lizards (D:1)
  A rat (D:3)
29 creatures vanquished.

Notes
Turn   | Place    | Note
-------+----------+-------------------------------------------
     0 | D:1      | Jane the Felid Transmuter began the quest for the Orb.
     0 | D:1      | Reached XP level 1. HP: 9/9 MP: 4/4
   152 | D:1      | Reached skill level 3 in Dodging
   239 | D:1      | Reached XP level 2. HP: 12/12 MP: 6/6
   375 | D:1      | Found a faded altar of an unknown god.
   382 | D:1      | Prayed at the altar of an unknown god.
   382 | D:1      | Became a worshipper of the Wu Jian Council
   382 | D:1      | Reached * piety under Wu Jian
   529 | D:1      | Reached skill level 4 in Dodging
   776 | D:2      | You fall into a shaft and drop 1 floor!
   968 | D:3      | Reached XP level 3. HP: 15/15 MP: 7/7
  1102 | D:3      | Reached skill level 5 in Dodging
  1106 | D:3      | Slain by an adder

Illustrated notes

Levels and vault maps discovered:
D:1:      giann_forest_graveyard, layout_basic, ebering_ecumenical_altar_webs
D:2:      layout_basic, serial_shops, shop, kennysheep_generic_room_4,
          uniq_natasha, uniq_crazy_yiuf_cottage
D:3:      layout_rooms, old_standard_altar, gammafunk_ghost_necromancy

Skill      XL: |  1  2  3 |
---------------+----------+-----
Dodging        | 3 4 5 |  5.2
Fighting       | |  1.0
Unarmed Combat | |  3.0
Spellcasting   | |  2.0
Transmutations | |  2.1

Action                     || total
---------------------------++-------
  Melee: Unarmed           ||    81
         Bite              ||    11
         Punch             ||     2
Ability: Whirlwind         ||     8
         Lunge             ||     5
    Use: Scroll            ||     6
         Potion            ||     5
   Stab: Sleeping          ||     1
 Armour: Skin              ||     6
  Dodge: Dodged            ||    71

Table legend: (Time is in decaauts)
 A = Elapsed time spent in this place.
 B = Non-inter-level travel time spent in this place.
 C = Inter-level travel time spent in this place.
 D = Time resting spent in this place.
 E = Time spent auto-exploring this place.
 F = Levels seen in this place.
 G = Mean time per level.
                   A        B        C        D        E       F      G
               +--------+--------+--------+--------+--------+-----+--------+
         Total |    895 |    878 |     17 |     50 |    165 |   3 |  298.3 |
       Dungeon |    895 |    878 |     17 |     50 |    165 |   3 |  298.3 |
               +--------+--------+--------+--------+--------+-----+--------+

Top non-repeatable levels by time:
     D:1: 593 daAuts
     D:3: 253 daAuts
     D:2: 48 daAuts
